 Dungeon Sprint DCSS version 0.16.1-2-g95b8d4c (webtiles) character file.

3400000 miro the Axe Maniac (level 23, -18/262 HPs)
             Began as a Naga Enchanter on Mar 25, 2015.
             Was the Champion of Makhleb.
             Demolished by a bag of meat
             ... wielding a +9 war axe
              (47 damage)
             ... in the Dungeon (Sprint VIII: "Arena of Blood").
             The game lasted 00:03:59 (34 turns).

miro the Axe Maniac (Naga Enchanter)                  Turns: 34, Time: 00:03:59

Health: -18/262    AC: 12    Str: 12    XL:     23   Next: 10%
Magic:  5/43       EV: 32    Int: 16    God:    Makhleb [******]
Gold:   0          SH:  0    Dex: 20    Spells: 1 memorised, 49 levels left

rFire  . . .     SeeInvis +     k - +∞ Axe of Woe
rCold  . . .     Clarity  .     b - +1 robe
rNeg   . . .     SustAb   .     (no shield)
rPois  +         Gourm    .     (no helmet)
rElec  .         Spirit   .     (no cloak)
rCorr  .         Warding  .     (no gloves)
rMut   .         NoTele   +     (no barding)
MR     ++...                    (no amulet)
Stlth  ++++++++++               (no ring)
                                (no ring)

@: very slow, very resistant to hostile enchantments, uncannily stealthy
A: spit poison, constrict 1, see invisible, deformed body, poison resistance,
slowness 2, AC +7
a: Spit Poison, Minor Destruction, Lesser Servant of Makhleb, Major Destruction,
Greater Servant of Makhleb, Renounce Religion


You were in the Dungeon.
You worshipped Makhleb.
Makhleb was exalted by your worship.
You were not hungry.

You visited 1 branch

Inventory:

Hand weapons
 a - a +1 dagger
 k - the +∞ Axe of Woe (weapon)
   (You found it in the Dungeon)
Armour
 b - a +1 robe (worn)
Scrolls
 j - a scroll of blinking
Potions
 e - a potion of curing
 f - a potion of heal wounds
 g - a potion of haste
 h - 2 potions of magic
 i - a potion of berserk rage
Books
 c - a book of Maledictions

   Spells                             Type                      Level
   a - Corona                         Hexes                        1
   b - Sure Blade                     Hexes/Charms                 2
   c - Ensorcelled Hibernation        Hexes/Ice                    2
   d - Confuse                        Hexes                        3
   e - Dazzling Spray                 Conjuration/Hexes            3
   f - Enslavement                    Hexes                        4
Comestibles
 d - a bread ration


   Skills:
 O Level 27 Fighting
 - Level 1.0 Short Blades
 O Level 27 Axes
 O Level 27 Throwing
 O Level 27 Armour
 O Level 27 Dodging
 + Level 26.9 Stealth
 O Level 27 Unarmed Combat
 + Level 14.4 Spellcasting
 + Level 21.3 Hexes
 O Level 27 Invocations


You had 49 spell levels left.
You knew the following spells:

 Your Spells              Type           Power        Failure   Level  Hunger
a - Corona                Hex            ######.      0%          1    None


Dungeon Overview and Level Annotations

Branches:
Dungeon (1/1)

Altars:
Makhleb


Innate Abilities, Weirdness & Mutations

You cannot wear boots.
You can spit poison.
You can use your snake-like lower body to constrict enemies.
Your serpentine skin is tough (AC +7).
You have supernaturally acute eyesight.
Armour fits poorly on your strangely shaped body.
Your system is resistant to poisons.
You cover ground very slowly.


Message History

You have reached level 23!
You hear a shout!
The meat berserker rages.
The bag of meat moves out of view.
A bag of meat comes into view. It is wielding a +9 war axe.
A bag of meat comes into view. It is wielding a +9 war axe.
The eight-headed meat hydra roars!
You hear a shout!
You hear a shout!
You hear a shout!
Some corpses begin to drag themselves along the ground!
Some corpses meld into agglomerations of writhing flesh!
The bag of meat moves out of view.
You hear a shout! x3
The destroyer barely misses you. The destroyer bites you.
The destroyer hits you with a +9 great sword of slicing!!!!!
Ouch! That really hurt!
* * * LOW HITPOINT WARNING * * *
The destroyer bites you!
* * * LOW HITPOINT WARNING * * *
The bag of meat hits you with a +9 war axe!!!
You die...

.#.o......#.... .
......#.... #.......
....#......###.... ..
................###..
#.......#........_...
#.....#)x)))..#o....#
###..)x)o))).#_)<._#
o..o##.ooV#))xxz).#)....#
#...O@ooo#....).)._...
#....oVox.x......###..
..............###.... ..
.D........x.....#.......
.........oO.....#.......
......#....o...........
....#.#.#.... ....... ...
#.#.... ...... # # ...


You could see an eight-headed meat hydra, 2 destroyers, a sculptor of flesh, 2
meat berserkers, 4 small abominations and 12 bags of meat.

Vanquished Creatures
  A hydra (D)
  13 ogres (D)
  34 orcs (D)
48 creatures vanquished.

Notes
Turn   | Place    | Note
--------------------------------------------------------------
     0 | D        | miro, the Naga Enchanter, began the quest for the Orb.
     0 | D        | Reached XP level 1. HP: 15/15 MP: 3/3
     2 | D        | Noticed a bag of meat
     2 | D        | Noticed a bag of meat
     3 | D        | Became a worshipper of Makhleb the Destroyer
     5 | D        | Noticed a meat berserker
     7 | D        | Noticed a bag of meat
     7 | D        | Noticed a bag of meat
     8 | D        | Noticed a bag of meat
     8 | D        | Killed a meat berserker
     8 | D        | Reached skill level 17 in Fighting
     8 | D        | Reached XP level 2. HP: 17/56 MP: 0/4
     8 | D        | Reached XP level 3. HP: 19/63 MP: 0/6
     8 | D        | Reached XP level 4. HP: 21/72 MP: 0/7
     8 | D        | Reached XP level 5. HP: 23/80 MP: 0/9
     8 | D        | Reached XP level 6. HP: 25/88 MP: 0/10
     8 | D        | Reached XP level 7. HP: 27/96 MP: 0/12
     8 | D        | Reached XP level 8. HP: 29/104 MP: 0/13
     8 | D        | Reached XP level 9. HP: 31/112 MP: 0/14
     8 | D        | Reached XP level 10. HP: 33/121 MP: 0/16
     8 | D        | Reached XP level 11. HP: 34/128 MP: 0/17
     8 | D        | Killed a bag of meat
     8 | D        | Acquired Makhleb's first power
     8 | D        | Reached skill level 19 in Fighting
     8 | D        | Reached XP level 12. HP: 36/144 MP: 0/18
     9 | D        | Noticed a bag of meat
     9 | D        | Noticed a bag of meat
     9 | D        | Noticed a bag of meat
     9 | D        | Noticed a bag of meat
    10 | D        | Noticed a bag of meat
    10 | D        | Noticed a meat berserker
    10 | D        | Killed a bag of meat
    10 | D        | Reached skill level 21 in Fighting
    10 | D        | Reached XP level 13. HP: 72/156 MP: 0/19
    10 | D        | Killed a bag of meat
    10 | D        | Acquired Makhleb's second power
    10 | D        | Reached skill level 22 in Fighting
    10 | D        | Reached XP level 14. HP: 76/169 MP: 0/20
    11 | D        | Noticed a bag of meat
    11 | D        | Noticed a bag of meat
    11 | D        | Noticed a bag of meat
    11 | D        | Noticed a bag of meat
    12 | D        | Noticed a bag of meat
    12 | D        | Killed a meat berserker
    12 | D        | Reached skill level 23 in Fighting
    14 | D        | Noticed a bag of meat
    15 | D        | Noticed a bag of meat
    15 | D        | Noticed a bag of meat
    15 | D        | Noticed a bag of meat
    16 | D        | Noticed a meat berserker
    16 | D        | Noticed a meat berserker
    16 | D        | Noticed a bag of meat
    16 | D        | Noticed a bag of meat
    16 | D        | Noticed a bag of meat
    16 | D        | Killed a bag of meat
    16 | D        | Acquired Makhleb's third power
    16 | D        | Reached skill level 24 in Fighting
    16 | D        | Reached XP level 15. HP: 122/183 MP: 1/21
    16 | D        | Killed a bag of meat
    16 | D        | Reached skill level 25 in Fighting
    17 | D        | Noticed a bag of meat
    17 | D        | Killed a bag of meat
    17 | D        | Acquired Makhleb's fourth power
    17 | D        | Reached skill level 26 in Fighting
    17 | D        | Reached skill level 15 in Dodging
    17 | D        | Killed a bag of meat
    17 | D        | Reached skill level 27 in Fighting
    17 | D        | Reached skill level 27 in Axes
    17 | D        | Reached XP level 16. HP: 195/200 MP: 1/21
    17 | D        | Killed a bag of meat
    18 | D        | Noticed a bag of meat
    19 | D        | Noticed a bag of meat
    19 | D        | Noticed a bag of meat
    19 | D        | Noticed a bag of meat
    19 | D        | Noticed a meat berserker
    19 | D        | Noticed a meat berserker
    19 | D        | Noticed a meat berserker
    19 | D        | Killed a bag of meat
    19 | D        | Acquired Makhleb's fifth power
    19 | D        | Killed a bag of meat
    19 | D        | Killed a meat berserker
    19 | D        | Reached XP level 17. HP: 208/208 MP: 2/22
    20 | D        | Noticed a bag of meat
    20 | D        | Killed a meat berserker
    20 | D        | Killed a bag of meat
    20 | D        | Reached skill level 27 in Dodging
    21 | D        | Noticed a bag of meat
    21 | D        | Noticed a bag of meat
    21 | D        | Noticed a bag of meat
    21 | D        | Noticed a meat berserker
    21 | D        | Noticed a bag of meat
    21 | D        | Noticed a bag of meat
    22 | D        | Killed a bag of meat
    22 | D        | Reached skill level 5 in Armour
    22 | D        | Killed a bag of meat
    22 | D        | Reached skill level 10 in Invocations
    22 | D        | Reached XP level 18. HP: 218/218 MP: 2/31
    22 | D        | Killed a bag of meat
    22 | D        | Reached skill level 10 in Throwing
    22 | D        | Killed a bag of meat
    23 | D        | Noticed a bag of meat
    23 | D        | Noticed a meat berserker
    23 | D        | Killed a meat berserker
    23 | D        | Reached skill level 15 in Invocations
    23 | D        | Killed a meat berserker
    23 | D        | Reached skill level 15 in Unarmed Combat
    23 | D        | Killed a bag of meat
    23 | D        | Reached skill level 15 in Throwing
    23 | D        | Reached XP level 19. HP: 226/226 MP: 2/36
    23 | D        | Killed a bag of meat
    23 | D        | Reached skill level 15 in Armour
    24 | D        | Noticed a meat berserker
    24 | D        | Noticed a bag of meat
    24 | D        | Killed a meat berserker
    24 | D        | Killed a bag of meat
    24 | D        | Killed a bag of meat
    25 | D        | Noticed a meat berserker
    25 | D        | Noticed a meat berserker
    25 | D        | Noticed a bag of meat
    25 | D        | Noticed a destroyer
    26 | D        | Noticed a bag of meat
    26 | D        | Noticed a bag of meat
    26 | D        | Killed a meat berserker
    26 | D        | Reached XP level 20. HP: 121/236 MP: 3/39
    26 | D        | Killed a bag of meat
    26 | D        | Killed a bag of meat
    26 | D        | Killed a bag of meat
    26 | D        | Killed a bag of meat
    27 | D        | Noticed a bag of meat
    27 | D        | Noticed an eight-headed meat hydra
    27 | D        | Noticed a bag of meat
    28 | D        | Killed a nine-headed meat hydra
    28 | D        | Killed a bag of meat
    28 | D        | Reached XP level 21. HP: 244/244 MP: 3/41
    28 | D        | Killed a bag of meat
    28 | D        | Killed a bag of meat
    28 | D        | Reached skill level 27 in Invocations
    28 | D        | Killed a meat berserker
    29 | D        | Noticed a meat berserker
    29 | D        | Noticed a bag of meat
    30 | D        | Noticed a bag of meat
    30 | D        | Killed a meat berserker
    30 | D        | Killed a bag of meat
    30 | D        | Reached skill level 27 in Unarmed Combat
    30 | D        | Killed a bag of meat
    30 | D        | Killed a bag of meat
    30 | D        | Reached skill level 27 in Throwing
    30 | D        | Reached XP level 22. HP: 254/254 MP: 4/42
    31 | D        | Noticed a bag of meat
    31 | D        | Noticed an eight-headed meat hydra
    31 | D        | Noticed a destroyer
    32 | D        | Noticed a bag of meat
    32 | D        | Noticed a bag of meat
    32 | D        | Killed a meat berserker
    32 | D        | Reached skill level 27 in Armour
    32 | D        | Reached skill level 5 in Stealth
    32 | D        | Killed a bag of meat
    32 | D        | Killed a bag of meat
    32 | D        | Killed a bag of meat
    32 | D        | Reached skill level 10 in Spellcasting
    32 | D        | Reached skill level 15 in Hexes
    33 | D        | Noticed a sculptor of flesh
    33 | D        | Noticed a meat berserker
    33 | D        | Noticed a meat berserker
    33 | D        | Killed a meat berserker
    33 | D        | Killed a meat berserker
    33 | D        | Killed a bag of meat
    33 | D        | Killed a bag of meat
    33 | D        | Reached XP level 23. HP: 262/262 MP: 4/43
    34 | D        | Noticed a bag of meat
    34 | D        | Noticed a bag of meat
    34 | D        | Demolished by a bag of meat

Action                   |  1- 3 |  4- 6 |  7- 9 | 10-12 | 13-15 | 16-18 | 19-21 | 22-24 || total
-------------------------+-------+-------+-------+-------+-------+-------+-------+-------++-------
Melee: Executioner's axe |     1 |       |       |     1 |     3 |     4 |     4 |     2 ||    15
 Cast: Corona            |     3 |       |       |       |       |       |       |       ||     3
